 Dungeon Sprint DCSS version 0.18.1-50-g88ac8fd (webtiles) character file.

1023 Kagutsuchi the Fighter (level 8, -2/82 HPs)
             Began as a Pale Draconian Berserker on Oct 21, 2016.
             Was a Priest of Trog.
             Killed from afar by an electric eel (8 damage)
             ... with a bolt of electricity
             ... in the Dungeon (Sprint II: "The Violet Keep of Menkaure").
             The game lasted 00:03:25 (250 turns).

Kagutsuchi the Fighter (Pale Draconian Berserker)    Turns: 250, Time: 00:03:26

Health: -2/82      AC:  6    Str: 19    XL:     8   Next: 2%
Magic:  7/7        EV: 17    Int:  8    God:    Trog [***...]
Gold:   14         SH:  0    Dex: 13    Spells: 0 memorised, 7 levels left

rFire  . . .     SeeInvis .     i - +1 glaive (distort)
rCold  . . .     Gourm    .     (armour unavailable)
rNeg   . . .     Faith    .     (shield currently unavailable)
rPois  .         Spirit   .     (helmet restricted)
rElec  .         Dismiss  .     (no cloak)
rCorr  .         Reflect  .     (no gloves)
SustAt .         Harm     .     (no boots)
MR     .....     Rnd*Rage +     (no amulet)
Stlth  +......... NoTele   +    (no ring)
                                (no ring)

@: short of breath, not resistant to hostile enchantments, very unstealthy
A: breathe steam, unfitting armour, berserk 1, low mp 1, screaming 1,
cold-blooded, AC +6
a: Breathe Steam, Berserk, Trog's Hand, Burn Spellbooks, Renounce Religion


You were in the Dungeon.
You worshipped Trog.
Trog was most pleased with you.
You were full.

You visited 1 branch You collected 486 gold pieces.
You spent 472 gold pieces at shops.

Inventory:

Hand Weapons
 a - a +0 falchion
 i - a +1 glaive of distortion (weapon)
Scrolls
 h - a scroll of blinking
Potions
 c - 3 potions of heal wounds
 d - a potion of curing
 e - a potion of haste
 f - 2 potions of magic
 g - a potion of berserk rage


   Skills:
 + Level 11.6 Fighting
 + Level 10.8 Long Blades
 + Level 9.3 Dodging


You had 7 spell levels left.
You didn't know any spells.

Dungeon Overview and Level Annotations

Branches:
Dungeon (1/1)

Altars:

Shops:
D ?%:=}%=*[!(:[!*[

Annotations:
D exclusion: oklob plant, Kirke


Innate Abilities, Weirdness & Mutations

You can breathe blasts of scalding, opaque steam.
Your pale cyan-grey scales are hard (AC +6).
Your body does not fit into most forms of armour.
You are cold-blooded and may be slowed by cold attacks.
You tend to lose your temper in combat.
Your magical capacity is low (-10% MP).
You occasionally shout uncontrollably at your foes.


Message History

The bolt of electricity hits the electric eel.
The electric eel completely resists.
The bolt of electricity hits you!
* * * LOW HITPOINT WARNING * * *
The bolt of electricity hits you!
* * * LOW HITPOINT WARNING * * *
Press: ? - help, Shift-Dir - straight line, f - kobold demonologist
Aim: a kobold demonologist, wielding a dagger and wearing a robe You exhale a blast of scalding steam.
The ball of steam hits the kobold demonologist.
The kobold demonologist is lightly wounded.
You feel somewhat less full.
Something unseen opens the gate.
The electric eel shoots out a bolt of lightning at you!
The bolt of electricity hits you!
* * * LOW HITPOINT WARNING * * *
The electric eel shoots out a bolt of lightning at you!
The bolt of electricity hits the electric eel.
The electric eel completely resists.
The bolt of electricity hits the electric eel.
The electric eel completely resists.
The bolt of electricity hits you!
You die...

####+#### ##≈≈≈§§§§##
##≈≈§§§§§§§## ##
+≈≈≈≈§;§§§§§#
...####§§≈;;;≈§§
cY.≈##§;;;;;§#
#######5c#§''#'''##
######≈≈5§§§.c§K@.#
.....#≈≈≈Y.##+##..#
⌠....#≈≈≈≈##. ##.#
.∩...#≈≈≈≈#.. #.#...
∩.∩..#≈≈####.#.####..
.∩.∩.#≈##.###†###.##..#
..∩.∩#≈#.#.##.##...#..#
...∩.'≈'.##'.<.†##.+ .#
....∩#≈#..###.##...#


You could see a kobold demonologist and 9 electric eels.

Vanquished Creatures
  4 neqoxecs (D)
  Menkaure (D)
  4 necrophages (D)
  A crocodile (D)
  3 worms (D)
13 creatures vanquished.

Notes
Turn   | Place    | Note
--------------------------------------------------------------
     0 | D        | Kagutsuchi the Draconian Berserker began the quest for the Orb.
     0 | D        | Reached XP level 1. HP: 19/19 MP: 1/1
     1 | D        | Noticed a necrophage
     1 | D        | Noticed a necrophage
     1 | D        | Noticed a necrophage
     1 | D        | Noticed a necrophage
     6 | D        | Killed a necrophage
     6 | D        | Reached skill level 6 in Fighting
     6 | D        | Reached skill level 5 in Long Blades
     6 | D        | Reached skill level 5 in Dodging
     6 | D        | Reached XP level 2. HP: 30/30 MP: 2/2
     6 | D        | Reached XP level 3. HP: 37/37 MP: 3/3
     6 | D        | Reached XP level 4. HP: 44/44 MP: 4/4
    11 | D        | Killed a necrophage
    11 | D        | Reached skill level 7 in Fighting
    11 | D        | Reached XP level 5. HP: 53/53 MP: 5/5
    16 | D        | Killed a necrophage
    16 | D        | Reached skill level 8 in Fighting
    19 | D        | Killed a necrophage
    19 | D        | Reached skill level 9 in Fighting
    19 | D        | Reached XP level 6. HP: 54/62 MP: 6/6
    66 | D        | Reached ** piety under Trog
    69 | D        | Noticed a neqoxec
    70 | D        | Noticed a neqoxec
    71 | D        | Gained mutation: You tend to lose your temper in combat. [a neqoxec]
    76 | D        | Killed a neqoxec
    76 | D        | Reached skill level 10 in Fighting
    77 | D        | Gained mutation: You occasionally shout uncontrollably at your foes. [a neqoxec]
    83 | D        | Killed a neqoxec
    83 | D        | Your scales start taking on a pale cyan-grey colour.
    83 | D        | Reached XP level 7. HP: 72/72 MP: 7/7
    92 | D        | Noticed a neqoxec
    92 | D        | Noticed a neqoxec
    93 | D        | Found Zenot's Antique Armour Shop.
    93 | D        | Gained mutation: Your magical capacity is low (-10% MP). [a neqoxec]
    94 | D        | Killed a neqoxec
    94 | D        | Reached *** piety under Trog
    94 | D        | Reached skill level 11 in Fighting
    94 | D        | Reached skill level 10 in Long Blades
    95 | D        | Found Lunaenn's General Store.
    95 | D        | Found Fauteso's Book Shop.
    95 | D        | Found Peuweg's Antique Armour Shop.
    95 | D        | Found Lezutao's Distillery.
    95 | D        | Found Veocosil's Antique Weapon Boutique.
    95 | D        | Found Ceum's Armour Shop.
    98 | D        | Killed a neqoxec
   107 | D        | Found Hamn's General Store.
   108 | D        | Found Lyakom's Jewellery Shop.
   108 | D        | Found Wigocew's Food Boutique.
   114 | D        | Found Kazituar's Distillery.
   114 | D        | Noticed an iron elemental
   115 | D        | Found Lirhodick's Gadget Shop.
   115 | D        | Found Kixkip's Jewellery Boutique.
   115 | D        | Noticed Menkaure
   115 | D        | Noticed an oklob plant
   116 | D        | Found Paeleuzy's Food Shop.
   116 | D        | Found Wiylepta's Magic Scroll Boutique.
   116 | D        | Found Foujel's Book Shoppe.
   118 | D        | Noticed a wyvern
   119 | D        | Noticed a wyvern
   123 | D        | Bought a potion of heal wounds for 70 gold pieces
   123 | D        | Bought 2 potions of curing for 84 gold pieces
   135 | D        | Killed Menkaure
   135 | D        | Reached XP level 8. HP: 21/82 MP: 7/7
   139 | D        | Bought 2 potions of heal wounds for 140 gold pieces
   139 | D        | Bought a potion of curing for 42 gold pieces
   153 | D        | Bought a glowing glaive for 136 gold pieces
   239 | D        | Noticed a centaur warrior
   239 | D        | Noticed Kirke
   239 | D        | Noticed a kobold demonologist
   240 | D        | Noticed an elephant
   240 | D        | Noticed a skeletal warrior
   241 | D        | Noticed a yaktaur captain
   250 | D        | Killed from afar by an electric eel

Skill      XL: |  1  2  3  4  5  6  7 |
---------------+----------------------+-----
Fighting       | 6 7 9 10 11 | 11.6
Long Blades    | 5 6 8 9 10 | 10.8
Dodging        | 5 6 7 8 9 |  9.3

Action                   |  1- 3 |  4- 6 |  7- 9 || total
-------------------------+-------+-------+-------++-------
Melee: Falchion          |     4 |    40 |    16 ||    60
       Tailslap          |     1 |     6 |     3 ||    10
Invok: Berserk           |     1 |     1 |       ||     2
 Abil: Breathe Steam     |       |       |     2 ||     2
  Use: Potion            |       |       |     4 ||     4
  Eat: Bread ration      |       |       |     1 ||     1
Armor: Skin              |       |     4 |       ||     4
Dodge: Dodged            |     1 |    13 |     9 ||    23
